[Event "Titled Tuesday Blitz April 18 Early 2023"]
[White "Toropov, Pavel"]
[Black "Jumanov, Elbek"]
[WhiteFideId "24129178"]
[BlackFideId "14202905"]
[WhiteElo "2182"]
[BlackElo "2055"]
[Result "1-0"]
[Round "09"]
[TimeControl "180+2"]
[Date "2023.04.18"]
[WhiteClock "0:00:29"]
[BlackClock "0:00:12"]

1. e4 c5 2. Nf3 e6 3. d4 cxd4 4. Nxd4 Nf6 5. Nc3 d6 6. Be3 Nc6 7. Qf3 Ne5 8. Qg3 a6 9. f4 Neg4 10. Bg1 e5 11. Nf3 exf4 12. Qxf4 Be7 13. O-O-O Qc7 14. h3 Ne5 15. Bh2 Nxf3 16. gxf3 O-O 17. Rg1 Be6 18. Bd3 Bc4 19. Bxc4 Qxc4 20. Qg5 g6 21. Bxd6 Bxd6 22. Rxd6 Ne8 23. Rd7 b5 24. Nd5 Ng7 25. Nf6+ Kh8 26. Qh6 1-0


[Site "https://www.chess.com"]

[Event "Titled Tuesday Blitz April 18 Early 2023"]
[White "Perez Gormaz, Matias"]
[Black "Rios Escobar, Adan"]
[WhiteFideId "3406342"]
[BlackFideId "3403645"]
[WhiteElo "2362"]
[BlackElo "2484"]
[Result "1-0"]
[Round "09"]
[TimeControl "180+2"]
[Date "2023.04.18"]
[WhiteClock "0:00:31"]
[BlackClock "0:00:03"]

1. e4 c5 2. Nf3 d6 3. Bc4 e6 4. O-O g6 5. d4 cxd4 6. Qxd4 Qf6 7. Qd3 Qe7 8. Nc3 a6 9. Re1 Bg7 10. Bf4 Nf6 11. Bxd6 Qd8 12. Rad1 Nc6 13. e5 Ng8 14. Ne4 Bd7 15. Ba3 Bf8 16. Bxf8 Kxf8 17. Qxd7 Qb6 18. Nd6 Nge7 19. Nxf7 Kxf7 20. Ng5+ Kg7 21. Nxe6+ Kh6 22. Qd3 g5 23. Re3 Qxe3 24. Qxe3 Rhg8 25. h4 Nf5 26. hxg5+ Kg6 27. Bd3 Ne7 28. g4 Raf8 29. Nxf8+ Rxf8 30. gxf5+ Nxf5 31. Qf4 h6 32. Bxf5+ Rxf5 33. Rd6+ Kh5 34. Rxh6# 1-0


[Site "https://www.chess.com"]

[Event "Titled Tuesday Blitz April 18 Early 2023"]
[White "Mendez Fortes, Eduardo Jesus"]
[Black "Delorme, Axel"]
[WhiteFideId "3502376"]
[BlackFideId "632023"]
[WhiteElo "2307"]
[BlackElo "2478"]
[Result "1/2-1/2"]
[Round "09"]
[TimeControl "180+2"]
[Date "2023.04.18"]
[WhiteClock "0:00:15"]
[BlackClock "0:00:12"]

1. e4 c5 2. Nf3 d6 3. d4 cxd4 4. Nxd4 Nf6 5. Nc3 Bd7 6. Bg5 e6 7. Qd2 h6 8. Bh4 Nxe4 9. Qf4 Nf6 10. Bxf6 Qxf6 11. Qxf6 gxf6 12. O-O-O a6 13. Nb3 Nc6 14. Ne4 O-O-O 15. Nxd6+ Bxd6 16. Rxd6 Kc7 17. Rd2 e5 18. Bd3 Rhg8 19. g3 Nb4 20. a3 Nxd3+ 21. Rxd3 Bb5 22. Rxd8 Rxd8 23. Rd1 Rxd1+ 24. Kxd1 Kd6 25. Kd2 Kd5 26. Ke3 Ba4 27. Na1 a5 28. b3 Bd7 29. c4+ Kc5 30. Kd3 b5 31. cxb5 Bf5+ 32. Kc3 Kxb5 33. b4 axb4+ 34. axb4 Be4 35. Nb3 Bd5 36. Nc5 Kc6 37. f4 Bf3 38. Kd3 Kb5 39. Ke3 Bg4 40. Nd3 Bf5 41. fxe5 Bxd3 42. Kxd3 fxe5 43. Ke4 f6 44. g4 Kxb4 45. h4 Kc5 46. g5 fxg5 47. hxg5 hxg5 48. Kxe5 g4 49. Kf4 g3 50. Kxg3 1/2-1/2


[Site "https://www.chess.com"]

[Event "Titled Tuesday Blitz April 18 Early 2023"]
[White "Delorme, Alban"]
[Black "Vaibhav Jayant Raut"]
[WhiteFideId "623636"]
[BlackFideId "5089034"]
[WhiteElo "2196"]
[BlackElo "2156"]
[Result "1/2-1/2"]
[Round "09"]
[TimeControl "180+2"]
[Date "2023.04.18"]
[WhiteClock "0:02:57"]
[BlackClock "0:02:28"]

1. e4 c5 2. Nf3 Nc6 3. d4 cxd4 4. Nxd4 Nf6 5. Nc3 e5 6. Ndb5 d6 7. Nd5 Nxd5 8. exd5 Ne7 9. c4 Ng6 10. Qa4 Bd7 11. Qb4 Bf5 12. Qa4 Bd7 13. Qb4 Bf5 14. Qa4 Bd7 1/2-1/2


[Site "https://www.chess.com"]

[Event "Titled Tuesday Blitz April 18 Early 2023"]
[White "SashaKuzhilniy"]
[Black "Indjic, Aleksandar"]
[BlackFideId "911925"]
[WhiteElo "2565"]
[BlackElo "2614"]
[Result "1/2-1/2"]
[Round "09"]
[TimeControl "180+2"]
[Date "2023.04.18"]
[WhiteClock "0:00:15"]
[BlackClock "0:01:20"]

1. b3 a6 2. Bb2 h5 3. e4 c5 4. Nf3 Nc6 5. d4 cxd4 6. Nxd4 d6 7. c4 Nf6 8. Nc3 e5 9. Nc2 h4 10. Ne3 Be6 11. Bd3 g6 12. O-O Bh6 13. Ned5 Bxd5 14. Nxd5 Nxd5 15. exd5 Nd4 16. Bxd4 exd4 17. Qg4 Qf6 18. Rae1+ Kf8 19. Re4 Kg7 20. Rfe1 h3 21. g3 Qg5 22. Qxg5 Bxg5 23. Rxd4 f5 24. Bf1 Rae8 25. Rdd1 Bd8 26. Re2 Rxe2 27. Bxe2 Re8 28. Kf1 Bb6 29. Bf3 Kf6 30. Re1 Rxe1+ 31. Kxe1 Ke5 32. Be2 g5 33. Bf1 g4 34. Bd3 f4 35. Be2 fxg3 36. fxg3 Kf5 37. b4 a5 38. a3 axb4 39. axb4 Bd4 40. Bd3+ Kg5 41. Ke2 b6 42. Bc2 Kf6 43. Bh7 Bc3 44. b5 Ke5 45. Bg8 Kf5 46. Be6+ Kg5 47. Kf2 Bd4+ 48. Kf1 Bc5 49. Ke2 Bg1 50. Kf1 Bd4 51. Ke2 Bc5 52. Kf1 Bd4 53. Ke2 Bc5 54. Kf1 Bd4 1/2-1/2


[Site "https://www.chess.com"]

[Event "Titled Tuesday Blitz April 18 Early 2023"]
[White "Dushyant Sharma"]
[Black "Ashraf, Artin"]
[WhiteFideId "25065130"]
[BlackFideId "22514805"]
[WhiteElo "2198"]
[BlackElo "2188"]
[Result "0-1"]
[Round "09"]
[TimeControl "180+2"]
[Date "2023.04.18"]
[WhiteClock "0:00:22"]
[BlackClock "0:00:09"]

1. e4 c5 2. Nf3 d6 3. d4 cxd4 4. Nxd4 Nf6 5. Nc3 a6 6. f4 e5 7. Nf3 Nbd7 8. Bd3 b5 9. O-O Bb7 10. a3 Rc8 11. Qe1 Be7 12. Kh1 O-O 13. Bd2 Qc7 14. fxe5 dxe5 15. Nh4 g6 16. Bh6 Rfd8 17. Nf5 Bf8 18. Bxf8 Kxf8 19. Ne3 Kg7 20. Qh4 Qb6 21. Rf3 Nh5 22. Ncd5 Qe6 23. Raf1 Rf8 24. c4 Nf4 25. Nxf4 exf4 26. Rxf4 Ne5 27. Be2 bxc4 28. Rf6 Qe8 29. Rb6 Rc7 30. Qf6+ Kg8 31. Bd1 Nd7 32. Qc3 Nxb6 33. Ng4 f6 34. Nxf6+ Rxf6 35. Qxf6 Rf7 36. Qxf7+ Qxf7 37. Rxf7 Kxf7 38. Be2 Bxe4 39. Kg1 Bd3 40. Kf2 Na4 41. Bd1 Nxb2 42. Bf3 c3 43. Ke3 Bf5 44. Bd5+ Be6 45. Be4 Ke7 46. Kd4 Na4 47. Bc2 Bd7 48. g4 Kd6 49. g5 Nc5 50. Kxc3 Bf5 51. Bd1 Ne4+ 52. Kd4 Nxg5 53. h4 Ne6+ 54. Ke3 Nc7 55. h5 g5 56. Kd4 a5 57. a4 h6 58. Bb3 Be6 59. Bc2 Bd7 60. Bb3 Ne6+ 61. Ke4 Nc5+ 62. Kd4 Nxb3+ 63. Kc4 Nc5 64. Kd4 Nxa4 65. Ke3 Nc5 66. Kd4 a4 67. Kc4 a3 68. Kc3 Bf5 69. Kb4 a2 70. Kc4 a1=Q 71. Kb5 Qb2+ 72. Kc4 Qb3+ 73. Kd4 Qd3# 0-1


[Site "https://www.chess.com"]

[Event "Titled Tuesday Blitz April 18 Early 2023"]
[White "Cherniaiev, Tykhon"]
[Black "Osinenko, Anton"]
[WhiteFideId "14182360"]
[BlackFideId "4158970"]
[WhiteElo "2450"]
[BlackElo "2294"]
[Result "0-1"]
[Round "09"]
[TimeControl "180+2"]
[Date "2023.04.18"]
[WhiteClock "0:00:07"]
[BlackClock "0:00:11"]

1. Nf3 g6 2. d4 Bg7 3. c4 c5 4. g3 cxd4 5. Nxd4 Nc6 6. Nxc6 bxc6 7. Bg2 Rb8 8. O-O Rxb2 9. Bxb2 Bxb2 10. Nd2 Bxa1 11. Qxa1 Nf6 12. Ne4 O-O 13. Nxf6+ exf6 14. Rd1 Qe7 15. e3 f5 16. Qd4 Qa3 17. h4 Qxa2 18. Ra1 Qb3 19. Rxa7 h5 20. c5 Qe6 21. Bf1 Qe4 22. Qd6 Re8 23. Qc7 f4 24. Qxf4 Qxf4 25. gxf4 Kf8 26. Kg2 Ke7 27. Kf3 Rd8 28. Bc4 Kf6 29. e4 Ke7 30. e5 f6 31. Ke4 Rf8 32. Bd3 Ke6 33. Bc4+ Ke7 34. f3 fxe5 35. fxe5 Rf5 36. f4 Rf8 37. Ra1 Kd8 38. Rg1 Ke8 39. Rxg6 d5+ 40. Ke3 dxc4 41. Rxc6 Bf5 42. Rd6 c3 43. c6 c2 44. Kd2 Ke7 45. c7 Rc8 46. Rc6 Kd7 47. Rf6 Rxc7 48. Kc1 Be4 49. f5 Ke7 50. Re6+ Kf7 51. Rf6+ Kg7 52. Rg6+ Kh7 53. Rg5 Ra7 54. Rxh5+ Kg7 55. f6+ Kg6 56. Rg5+ Kh6 57. e6 Ra1+ 58. Kd2 c1=Q+ 59. Ke2 Ra2# 0-1


[Site "https://www.chess.com"]

[Event "Titled Tuesday Blitz April 18 Early 2023"]
[White "Camacho Collados, Jose"]
[Black "Matinian, Nikita"]
[WhiteFideId "2265427"]
[BlackFideId "24129100"]
[WhiteElo "2198"]
[BlackElo "2422"]
[Result "0-1"]
[Round "09"]
[TimeControl "180+2"]
[Date "2023.04.18"]
[WhiteClock "0:00:33"]
[BlackClock "0:00:33"]

1. d4 Nf6 2. c4 e6 3. Nc3 Bb4 4. e3 b6 5. Ne2 Ba6 6. a3 Bxc3+ 7. Nxc3 O-O 8. Bd3 d5 9. cxd5 Bxd3 10. Qxd3 exd5 11. O-O Re8 12. b4 c6 13. Bd2 Nbd7 14. b5 c5 15. dxc5 Nxc5 16. Qf5 Rc8 17. Rfd1 Nb3 18. Be1 Nxa1 19. Rxa1 d4 20. Rd1 dxc3 21. Rxd8 Rexd8 22. Qc2 Ne4 23. f3 Nd2 24. Kf2 g6 25. Ke2 Rd5 26. a4 h5 27. h3 h4 28. Bxh4 Nb3 29. Be1 Na1 30. Qa2 c2 31. Bd2 Rxd2+ 32. Kxd2 c1=Q+ 33. Ke2 Rc2+ 34. Qxc2 Qxc2+ 0-1


[Site "https://www.chess.com"]

[Event "Titled Tuesday Blitz April 18 Early 2023"]
[White "Martinez Ramirez, Lennis"]
[Black "Ronka, Erik"]
[WhiteFideId "3509079"]
[BlackFideId "505080"]
[WhiteElo "2410"]
[BlackElo "2264"]
[Result "1-0"]
[Round "09"]
[TimeControl "180+2"]
[Date "2023.04.18"]
[WhiteClock "0:01:06"]
[BlackClock "0:00:04"]

1. c4 c6 2. Nf3 d5 3. g3 Bg4 4. Ne5 Bf5 5. Qb3 Bc8 6. cxd5 cxd5 7. Bg2 Nf6 8. Nc3 e6 9. d4 Be7 10. Bf4 O-O 11. O-O a6 12. Rac1 Nfd7 13. e4 Nxe5 14. Bxe5 dxe4 15. d5 exd5 16. Nxd5 Be6 17. Rfd1 Bxd5 18. Rxd5 Qe8 19. Qxb7 Bg5 20. Rc7 Nd7 21. Rcxd7 e3 22. f4 Bf6 23. Bf3 Rc8 24. Qxa6 h6 25. Qe2 Bxe5 26. fxe5 Qe6 27. Qxe3 Qf5 28. Rd2 Rc1+ 29. Kg2 Rfc8 30. Rd8+ Rxd8 31. Rxd8+ Kh7 32. Be4 1-0


[Site "https://www.chess.com"]

[Event "Titled Tuesday Blitz April 18 Early 2023"]
[White "Brunner, Nicolas"]
[Black "Hajiyev, Kanan"]
[WhiteFideId "620246"]
[BlackFideId "13404148"]
[WhiteElo "2327"]
[BlackElo "2103"]
[Result "1-0"]
[Round "09"]
[TimeControl "180+2"]
[Date "2023.04.18"]
[WhiteClock "0:00:18"]
[BlackClock "0:00:02"]

1. Nf3 Nf6 2. g3 g6 3. Bg2 Bg7 4. O-O O-O 5. d4 d5 6. c4 c6 7. cxd5 cxd5 8. Nc3 Ne4 9. Qb3 Nxc3 10. bxc3 Nc6 11. Ba3 Re8 12. Rfd1 b6 13. Ne5 Nxe5 14. dxe5 e6 15. Bd6 Ba6 16. e4 Bc4 17. Qa3 Qg5 18. exd5 exd5 19. Bxd5 Bxd5 20. Rxd5 h5 21. Re1 h4 22. Kg2 Qf5 23. c4 h3+ 24. Kf1 Rac8 25. Qb3 Qg4 26. c5 bxc5 27. Bxc5 Qe6 28. Bd6 Qd7 29. Rb5 Qg4 30. Rb7 Rf8 31. e6 fxe6 32. Qxe6+ Kh8 33. Qxg4 1-0


[Site "https://www.chess.com"]

[Event "Titled Tuesday Blitz April 18 Early 2023"]
[White "Mouhamad, Joachim"]
[Black "Hua, Lefong"]
[WhiteFideId "656410"]
[BlackFideId "2602253"]
[WhiteElo "2125"]
[BlackElo "2637"]
[Result "0-1"]
[Round "09"]
[TimeControl "180+2"]
[Date "2023.04.18"]
[WhiteClock "0:00:03"]
[BlackClock "0:00:05"]

1. e4 c5 2. Nf3 g6 3. d4 cxd4 4. Nxd4 Bg7 5. c4 Nc6 6. Be3 Nf6 7. Nc3 d6 8. Be2 O-O 9. O-O Bd7 10. h3 Nxd4 11. Bxd4 Bc6 12. Qc2 a5 13. Rad1 Nd7 14. Bg4 Bxd4 15. Rxd4 Nc5 16. e5 f5 17. Be2 f4 18. exd6 f3 19. Bxf3 Bxf3 20. gxf3 exd6 21. Nd5 Ne6 22. Rg4 Ng5 23. Kg2 Nxf3 24. Qe4 Ne5 25. Rg3 Rc8 26. b3 Qe8 27. f4 Nd7 28. Ne7+ Kf7 29. Re1 Rc5 30. Rxg6 Ne5 31. fxe5 hxg6 32. Qxg6+ Kxe7 33. exd6+ Kd7 34. Rxe8 Rxe8 35. Qf7+ Kd8 36. Qf6+ Kc8 37. Qf7 Rd8 38. d7+ Kc7 39. Qe7 Rc6 40. Qe5+ Kxd7 41. Qf5+ Kc7 42. Kg3 Rg8+ 43. Kh4 Rh6+ 44. Qh5 Rxh5+ 45. Kxh5 Rg2 46. h4 Rxa2 0-1


[Site "https://www.chess.com"]

[Event "Titled Tuesday Blitz April 18 Early 2023"]
[White "Devaev, Alexander"]
[Black "Sieciechowicz, Marcin"]
[WhiteFideId "4169395"]
[BlackFideId "1130170"]
[WhiteElo "2204"]
[BlackElo "2302"]
[Result "0-1"]
[Round "09"]
[TimeControl "180+2"]
[Date "2023.04.18"]
[WhiteClock "0:00:02"]
[BlackClock "0:01:13"]

1. Nf3 Nf6 2. c4 c6 3. e3 d5 4. b3 Bf5 5. Bb2 e6 6. Be2 h6 7. O-O Be7 8. Nd4 Bh7 9. f4 c5 10. Nf3 Nc6 11. Ne5 d4 12. Nxc6 bxc6 13. Bf3 Rc8 14. exd4 cxd4 15. d3 O-O 16. Qe2 Nd7 17. Nd2 Nc5 18. Ne4 Nxe4 19. Bxe4 Bxe4 20. Qxe4 c5 21. Rae1 Bf6 22. Bc1 Qa5 23. Re2 Rfe8 24. Rfe1 Qb6 25. Qf3 Qc6 26. Qg4 Kh8 27. Rf2 a5 28. Qd1 a4 29. bxa4 Ra8 30. Rb2 Qxa4 31. Qxa4 Rxa4 32. Rb5 Rxa2 33. Rxc5 Rc2 34. Kf1 Ra8 35. f5 Raa2 36. fxe6 fxe6 37. Rc8+ Kh7 38. c5 Rxg2 39. Rxe6 Rxh2 0-1


[Site "https://www.chess.com"]

[Event "Titled Tuesday Blitz April 18 Early 2023"]
[White "Grot, Blazej"]
[Black "Sadykov, Ramil"]
[WhiteFideId "21835845"]
[BlackFideId "24113590"]
[WhiteElo "1823"]
[BlackElo "2245"]
[Result "1-0"]
[Round "09"]
[TimeControl "180+2"]
[Date "2023.04.18"]
[WhiteClock "0:01:03"]
[BlackClock "0:00:01"]

1. e4 c5 2. Nf3 e6 3. d4 cxd4 4. Nxd4 Nc6 5. Nc3 Qc7 6. Be2 Nf6 7. O-O Be7 8. Kh1 a6 9. f4 d6 10. Be3 O-O 11. Qe1 Nxd4 12. Bxd4 b5 13. Qg3 Bb7 14. a3 Bc6 15. Rae1 Rad8 16. Bf3 Qb7 17. b4 Rfe8 18. Nd1 Qc7 19. Nf2 a5 20. bxa5 Qxa5 21. Bxf6 Bxf6 22. e5 Bxf3 23. exf6 Bxg2+ 24. Kxg2 g6 25. Qh4 h5 26. Qg5 Kh7 27. Re3 Qd2 28. Rh3 Qd5+ 29. Qxd5 exd5 30. Nd3 Re6 31. Nb4 Rxf6 32. Nxd5 Rf5 33. Rd3 Rc8 34. Kg3 Rxc2 35. Ne3 h4+ 36. Kh3 Rcc5 37. Nxf5 Rxf5 38. Rxd6 Rc5 39. Rd3 Kh6 40. Kxh4 f6 41. Kg3 Rc2 42. Rb1 Rc5 43. Rb4 1-0


[Site "https://www.chess.com"]

[Event "Titled Tuesday Blitz April 18 Early 2023"]
[White "Hirneise, Jens"]
[Black "Palczert, Matyas"]
[WhiteFideId "24614734"]
[BlackFideId "784958"]
[WhiteElo "2345"]
[BlackElo "2224"]
[Result "1/2-1/2"]
[Round "09"]
[TimeControl "180+2"]
[Date "2023.04.18"]
[WhiteClock "0:00:40"]
[BlackClock "0:00:18"]

1. Nf3 Nf6 2. c4 e6 3. Nc3 d5 4. e3 Be7 5. b3 O-O 6. Bb2 c5 7. cxd5 exd5 8. d4 Nc6 9. Be2 Ne4 10. O-O Bf6 11. Rc1 cxd4 12. Nxe4 dxe4 13. Nxd4 Nxd4 14. exd4 Be6 15. Re1 Bd5 16. Bc4 Rc8 17. Qe2 Re8 18. Bxd5 Qxd5 19. Rxc8 Rxc8 20. Qxe4 Qxe4 21. Rxe4 g6 22. Re1 Rc2 23. Rb1 b5 24. Kf1 b4 25. g3 Kf8 26. h4 Ke8 27. Re1+ Kd7 28. Re2 Rc6 29. d5 Ra6 30. Bxf6 Rxf6 31. Re4 Rb6 32. Ke2 Kd6 33. Rd4 a5 34. Kd3 Rb5 35. Ke4 Rc5 36. Rc4 Rxd5 37. Rd4 f5+ 38. Kd3 Kc5 39. Rxd5+ Kxd5 40. f4 h6 41. Ke3 h5 42. Kd3 Kc5 43. Ke3 Kd5 44. Kd3 1/2-1/2


[Site "https://www.chess.com"]

[Event "Titled Tuesday Blitz April 18 Early 2023"]
[White "Shevtchenko, Olesya"]
[Black "Andreev, Konstantin"]
[WhiteFideId "24131890"]
[BlackFideId "24239305"]
[WhiteElo "2003"]
[BlackElo "2106"]
[Result "0-1"]
[Round "09"]
[TimeControl "180+2"]
[Date "2023.04.18"]
[WhiteClock "0:00:14"]
[BlackClock "0:01:13"]

1. e4 c5 2. Nf3 e6 3. d4 cxd4 4. Nxd4 Nc6 5. Nc3 Qc7 6. Qd3 Nf6 7. Nxc6 bxc6 8. Qg3 Qxg3 9. hxg3 Be7 10. Bd3 d5 11. f3 c5 12. exd5 exd5 13. Bb5+ Bd7 14. Bg5 d4 15. Bxf6 Bxf6 16. Bxd7+ Kxd7 17. Ne4 Be7 18. O-O-O Kc6 19. b3 f5 20. Nd2 Bd6 21. Rh3 h6 22. Nc4 Bc7 23. g4 fxg4 24. fxg4 Rae8 25. Rf3 Re4 26. g5 hxg5 27. Rf7 Rh2 28. Rxg7 Rxg2 29. Rf1 Bf4+ 30. Kb1 Ree2 31. Rh1 Rxc2 32. Rh6+ Kd5 33. Rd7+ Ke4 34. Re7+ Kf3 35. Rh1 Rce2 36. Rf7 Kg3 37. a4 d3 38. a5 d2 39. Rd1 Re1 40. Kc2 Rxd1 41. Kxd1 Rg1+ 42. Kc2 d1=Q+ 43. Kb2 Qa1+ 44. Kc2 Qb1+ 45. Kc3 Rc1# 0-1


[Site "https://www.chess.com"]

[Event "Titled Tuesday Blitz April 18 Early 2023"]
[White "Smiechu"]
[Black "Tasev, Dejan"]
[BlackFideId "936618"]
[WhiteElo "2382"]
[BlackElo "2244"]
[Result "0-1"]
[Round "09"]
[TimeControl "180+2"]
[Date "2023.04.18"]
[WhiteClock "0:00:08"]
[BlackClock "0:01:39"]

1. e4 e6 2. d4 d5 3. Bd3 Nf6 4. e5 Nfd7 5. f4 c5 6. c3 Nc6 7. Nf3 cxd4 8. cxd4 Nb6 9. O-O g6 10. Nc3 a6 11. Kh1 Bd7 12. Qe1 Rc8 13. Qg3 Ne7 14. Ng5 h6 15. Nf3 Nf5 16. Qf2 h5 17. Bd2 Nc4 18. b3 Nxd2 19. Qxd2 h4 20. Rfc1 Be7 21. Na4 Ba3 22. Rxc8 Bxc8 23. Nc5 Nxd4 24. Nxd4 Bxc5 25. Nf3 h3 26. g3 b5 27. Rc1 Bb6 28. Qc2 Bb7 29. Bxg6 d4 30. Be4 d3 31. Bc6+ Kf8 32. Qd2 Bxc6 33. Rxc6 Qd5 34. Rxb6 Qxf3+ 35. Kg1 Kg7 36. Rd6 Rc8 37. Rxd3 Rc1+ 38. Qxc1 Qg2# 0-1


[Site "https://www.chess.com"]

[Event "Titled Tuesday Blitz April 18 Early 2023"]
[White "Yelisieiev, Yevhenii"]
[Black "Prieto Aranguren, Alain"]
[WhiteFideId "14139642"]
[BlackFideId "2268906"]
[WhiteElo "2425"]
[BlackElo "2209"]
[Result "1-0"]
[Round "09"]
[TimeControl "180+2"]
[Date "2023.04.18"]
[WhiteClock "0:00:36"]
[BlackClock "0:01:20"]

1. d4 d5 2. c4 e6 3. Nc3 Nf6 4. Bg5 c6 5. e3 Nbd7 6. Qc2 Qa5 7. cxd5 Nxd5 8. Bh4 Bb4 9. Ne2 N7f6 10. a3 O-O 11. Rc1 Be7 12. e4 Nxc3 13. Nxc3 Re8 14. Bd3 Nd5 15. Bxe7 Nxe7 16. O-O e5 17. d5 Bd7 18. Bc4 Rac8 19. Qb3 cxd5 20. Nxd5 Nxd5 21. Bxd5 Be6 22. Rxc8 Rxc8 23. Bxe6 1-0


[Site "https://www.chess.com"]

[Event "Titled Tuesday Blitz April 18 Early 2023"]
[White "Kosteniuk, Alexandra"]
[Black "mrithyunjay"]
[WhiteFideId "4128125"]
[WhiteElo "2453"]
[BlackElo "2347"]
[Result "1-0"]
[Round "09"]
[TimeControl "180+2"]
[Date "2023.04.18"]
[WhiteClock "0:01:27"]
[BlackClock "0:00:58"]

1. e4 c5 2. c3 e5 3. Nf3 Nc6 4. Bc4 Nf6 5. Ng5 d5 6. exd5 Nxd5 7. Qh5 g6 8. Qf3 Be6 9. Nxe6 fxe6 10. O-O Bg7 11. d3 a6 12. a4 Qd7 13. Nd2 Nce7 14. Ne4 Rc8 15. a5 Nf5 16. Qh3 O-O 17. Re1 Rfe8 18. Bg5 h6 19. Bd2 Nf4 20. Bxf4 exf4 21. Nd2 Kh7 22. Nf3 Bf6 23. Re4 g5 24. Bxe6 1-0


[Site "https://www.chess.com"]

[Event "Titled Tuesday Blitz April 18 Early 2023"]
[White "Melikhov, Evgeny V."]
[Black "Bilych, Olexiy"]
[WhiteFideId "4122046"]
[BlackFideId "14156504"]
[WhiteElo "2158"]
[BlackElo "2320"]
[Result "0-1"]
[Round "09"]
[TimeControl "180+2"]
[Date "2023.04.18"]
[WhiteClock "0:00:28"]
[BlackClock "0:00:05"]

1. d4 Nf6 2. c4 e6 3. Nc3 d5 4. cxd5 exd5 5. Bg5 c6 6. Qc2 Be7 7. e3 O-O 8. Bd3 Nbd7 9. Nf3 Re8 10. O-O h6 11. Bh4 Ne4 12. Bxe4 Bxh4 13. Bh7+ Kh8 14. Bd3 Bf6 15. Rab1 a5 16. a3 Kg8 17. b4 axb4 18. axb4 b5 19. e4 Nb6 20. exd5 Nxd5 21. Nxd5 Qxd5 22. Rfe1 Rxe1+ 23. Rxe1 Bd7 24. Bh7+ Kf8 25. Be4 Qc4 26. Qxc4 bxc4 27. b5 Rc8 28. bxc6 Bxc6 29. Bxc6 Rxc6 30. Rc1 c3 31. Rc2 g5 32. h3 h5 33. g4 hxg4 34. hxg4 Rc4 35. Kf1 Bxd4 36. Nxd4 Rxd4 37. Rxc3 Rxg4 38. f3 Rf4 39. Kg2 Kg7 40. Kg3 Kg6 41. Rc5 Rf5 42. Rc6+ Rf6 43. Rc5 Ra6 44. Rc4 Ra3 45. Rb4 f5 46. Kg2 Kh5 47. Rc4 Rd3 48. Ra4 f4 49. Ra8 Rd2+ 50. Kh3 Rf2 51. Ra3 Rf1 52. Kg2 Rc1 53. Kh3 Rg1 54. Rb3 Rg3+ 55. Kh2 Kh4 56. Ra3 g4 57. Ra8 Rxf3 58. Rh8+ Kg5 59. Rg8+ Kf5 60. Rf8+ Ke6 61. Rg8 Rh3+ 62. Kg2 f3+ 63. Kf2 Rh2+ 64. Kg1 Rh4 65. Rg5 Kf6 66. Ra5 Rh8 67. Kf2 Rh2+ 68. Kg1 Rg2+ 69. Kh1 Rb2 70. Rc5 Rb1+ 71. Kh2 f2 0-1


[Site "https://www.chess.com"]

[Event "Titled Tuesday Blitz April 18 Early 2023"]
[White "Aaditya Dhingra"]
[Black "Estrada Nieto, Julian"]
[WhiteFideId "25678191"]
[BlackFideId "5101018"]
[WhiteElo "2083"]
[BlackElo "2161"]
[Result "1-0"]
[Round "09"]
[TimeControl "180+2"]
[Date "2023.04.18"]
[WhiteClock "0:00:18"]
[BlackClock "0:00:02"]

1. d4 d5 2. c4 dxc4 3. e3 Nf6 4. Bxc4 e6 5. Nf3 c5 6. O-O a6 7. a4 Nc6 8. Qe2 Be7 9. Rd1 O-O 10. dxc5 Qc7 11. Nc3 Bxc5 12. h3 b6 13. e4 Nh5 14. Be3 Nf4 15. Qd2 Bxe3 16. fxe3 Ng6 17. Qd6 Ra7 18. Rac1 Rd8 19. Qa3 Rxd1+ 20. Rxd1 h6 21. Ba2 Nce5 22. Nd4 Qc5 23. Qxc5 bxc5 24. Nb3 Rc7 25. Rd8+ Kh7 26. Na5 Nc6 27. Nxc6 Rxc6 28. Kf2 Ne5 29. Kg3 Rc7 30. Bb1 Bb7 31. b3 Kg6 32. Bc2 Kf6 33. Ne2 Rd7 34. Rxd7 Nxd7 35. Kf4 g5+ 36. Kg3 Ne5 37. Ng1 Ke7 38. Nf3 Kd6 39. Nd2 Nc6 40. Nc4+ Kc7 41. e5 Nb4 42. Bh7 Kd7 43. Bg8 Ke7 44. Bxf7 Bd5 45. Bg6 Bxc4 46. bxc4 a5 47. Kf3 Na2 48. Bc2 Nc3 49. g3 Na2 50. Ke4 Nb4 51. Bb1 Nc6 52. Bc2 Kf7 53. Bd1 Kg7 54. Bh5 Nb4 55. Be8 Kf8 56. Bb5 Ke7 57. h4 gxh4 58. gxh4 Kf7 59. Kf4 Nc2 60. Kf3 Nb4 61. Kg4 Nc2 62. Kf4 Nb4 63. Kg4 Nc2 64. Kh5 Kg7 65. Bd7 Nxe3 66. Bxe6 Ng2 67. Bd7 Nf4+ 68. Kg4 Nd3 69. Kf5 1-0


[Site "https://www.chess.com"]

[Event "Titled Tuesday Blitz April 18 Early 2023"]
[White "Bas Mas, Jose Joaquin"]
[Black "Iskusnyh, Sergei"]
[WhiteFideId "22219064"]
[BlackFideId "4120027"]
[WhiteElo "2233"]
[BlackElo "2492"]
[Result "1-0"]
[Round "09"]
[TimeControl "180+2"]
[Date "2023.04.18"]
[WhiteClock "0:00:31"]
[BlackClock "0:00:03"]

1. e4 e6 2. d4 d5 3. e5 c5 4. c3 Nc6 5. Nf3 Nge7 6. Bd3 cxd4 7. O-O dxc3 8. Nxc3 Ng6 9. Re1 Be7 10. h4 Nxh4 11. Nxh4 Bxh4 12. Qg4 g6 13. Bh6 Be7 14. Rad1 Bf8 15. Bg5 h5 16. Qf4 Be7 17. Bf6 Bxf6 18. exf6 Kf8 19. Qg5 h4 20. Bxg6 fxg6 21. Qxg6 Qc7 22. Nxd5 Qf7 23. Nf4 e5 24. Rxe5 Bg4 25. Qxg4 Nxe5 26. Ne6+ Ke8 27. Qa4+ Nc6 28. Re1 Qxf6 29. Qb5 1-0


[Site "https://www.chess.com"]

[Event "Titled Tuesday Blitz April 18 Early 2023"]
[White "Sargissyan, Sargis"]
[Black "Kucuksari, Kaan"]
[WhiteFideId "13303210"]
[BlackFideId "6380166"]
[WhiteElo "2109"]
[BlackElo "2364"]
[Result "0-1"]
[Round "09"]
[TimeControl "180+2"]
[Date "2023.04.18"]
[WhiteClock "0:00:08"]
[BlackClock "0:02:26"]

1. e4 Nf6 2. e5 Nd5 3. d4 d6 4. Nf3 dxe5 5. Nxe5 c6 6. c4 Nb4 7. Be3 Bf5 8. Na3 Nd7 9. Nd3 e5 10. Nc2 Nxc2+ 11. Qxc2 Bb4+ 12. Bd2 Bxd2+ 13. Qxd2 exd4 14. O-O-O O-O 15. g4 Bxg4 16. Re1 Re8 17. Rg1 Bf5 18. Rxe8+ Qxe8 19. Qg5 Bg6 20. h4 Nf6 21. h5 Nxh5 22. Qh4 Nf6 23. Nf4 Qe1# 0-1


[Site "https://www.chess.com"]

[Event "Titled Tuesday Blitz April 18 Early 2023"]
[White "Jimenez Jimenez, Leandro"]
[Black "Kozin, Yuri"]
[WhiteFideId "6415253"]
[BlackFideId "4129920"]
[WhiteElo "2263"]
[BlackElo "2623"]
[Result "0-1"]
[Round "09"]
[TimeControl "180+2"]
[Date "2023.04.18"]
[WhiteClock "0:00:02"]
[BlackClock "0:00:28"]

1. d4 d5 2. c4 c6 3. cxd5 cxd5 4. Nc3 Nf6 5. Nf3 Nc6 6. Bf4 Bg4 7. Ne5 Qb6 8. Nxc6 bxc6 9. Na4 Qb4+ 10. Bd2 Qxd4 11. Qc2 Rc8 12. f3 Bd7 13. Bc3 Qh4+ 14. g3 Qh5 15. Bd4 e5 16. Bxa7 Bb4+ 17. Kf2 O-O 18. a3 Bd6 19. Bc5 Bxc5+ 20. Qxc5 e4 21. Nc3 Rfe8 22. Bg2 exf3 23. exf3 Qf5 24. Rac1 Ng4+ 25. Kg1 Ne5 26. Rf1 Nd3 27. Qd4 Nxb2 0-1


[Site "https://www.chess.com"]